 Dungeon Crawl Stone Soup version 0.21.1-1-g345015f (webtiles) character file.

133 DiscipleGeek the Cudgeler (level 4, -5/45 HPs)
             Began as a Troll Berserker on Mar 21, 2018.
             Was a Believer of Trog.
             Slain by a gnoll
             ... wielding a +0 halberd
              (19 damage)
             ... on level 3 of the Dungeon.
             The game lasted 00:11:29 (1411 turns).

DiscipleGeek the Cudgeler (Troll Berserker)         Turns: 1411, Time: 00:11:30

Health: -5/45      AC:  7    Str: 25    XL:     4   Next: 94%
Magic:  3/3        EV: 10    Int:  3    God:    Trog [**....]
Gold:   140        SH:  0    Dex: 10    Spells: 3/3 levels left

rFire    . . .     SeeInvis .   a - +0 mace
rCold    . . .     Gourm    +   (no shield)
rNeg     . . .     Faith    .   b - +1 animal skin
rPois    .         Spirit   .   (helmet restricted)
rElec    .         Reflect  .   j - +0 cloak
rCorr    .         Harm     .   (gloves unavailable)
MR       .....                  (boots unavailable)
Stlth    +.........             (no amulet)
HPRegen  0.55/turn              (no ring)
MPRegen  0.08/turn              (no ring)

@: no status effects
A: large, unfitting armour, claws 3, fast metabolism 3, gourmand, regeneration
1, shaggy fur 1, tough skin 2
a: Berserk, Trog's Hand, Burn Spellbooks, Renounce Religion


You were on level 3 of the Dungeon.
You worshipped Trog.
Trog was pleased with you.
You were very full.

You visited 1 branch of the dungeon, and saw 3 of its levels.

You collected 140 gold pieces.

Inventory:

Hand Weapons
 a - a +0 mace (weapon)
 d - a +0 dagger
 k - a +0 scythe
Missiles
 h - 29 bolts
 o - 4 needles of sleeping
Armour
 b - a +1 animal skin (worn)
 j - a +0 cloak (worn)
Scrolls
 n - a scroll of teleportation
 p - a scroll of remove curse
Potions
 e - 2 potions of might {unknown}
 f - 3 potions of curing {unknown}
 l - a potion of berserk rage {unknown}
 m - a potion of brilliance {unknown}
Comestibles
 c - 5 rations
 g - 10 chunks of flesh


   Skills:
 + Level 3.1 Fighting
 + Level 4.0 Maces & Flails
 + Level 3.2 Dodging


You had 3 spell levels left.
You didn't know any spells.

Dungeon Overview and Level Annotations

Branches:
Dungeon (3/15)

Altars:
Cheibriados
Fedhas


Innate Abilities, Weirdness & Mutations

You are too large for most types of armour.
You have claws for hands.
Your metabolism is lightning-fast.
You like to eat raw meat.
Your natural rate of healing is unusually fast.
You are covered in fur. (AC +1)
You have very tough skin. (AC +2)


Message History

The gnoll hits you but does no damage. The gnoll closely misses you.
The gnoll misses you.
You thump the gnoll!
You kill the gnoll!
Trog accepts your kill. The gnoll closely misses you.
The gnoll hits you with a halberd! The gnoll closely misses you.
The hobgoblin barely misses you.
You see here a halberd.
You closely miss the hobgoblin.
The gnoll hits you from afar with a halberd!
The hobgoblin hits you but does no damage.
You barely miss the hobgoblin. The gnoll hits you but does no damage.
The hobgoblin closely misses you.
You barely miss the hobgoblin. The hobgoblin hits you with a club.
The gnoll barely misses you.
You hit the hobgoblin.
The hobgoblin is moderately wounded.
The hobgoblin hits you with a club.
The gnoll hits you from afar with a halberd!!
You die...

,,,* ,,,* ,,,* ,,,* ,,,****
**##* ,,,,,,*** *...*
,****,,,######### *##..,* **
***,...sggg.## *...,**
********#.@#*#.#*,* ****** ###
##g##..##.##**,,,,, #####.#
#..........,,,**** ###.....#
###..###..***** ##>..###.##
##.##**,,,,,,*
#..###....######..##...****,****
#..PPP.##..##........#,* *,,,,,
#.PPPPP###......######,* ****,,
##..P_PP# ##..#### *,* ****,*


You could see 3 gnolls, a giant cockroach and a hobgoblin.

Vanquished Creatures
  A gnoll (D:3)
  4 adders
  4 worms
  3 dart slugs (D:1)
  3 leopard geckos
  3 orcs (D:3)
  A ball python (D:3)
  3 giant cockroaches
  8 goblins
  6 hobgoblins
  3 jackals (D:3)
  5 kobolds
  2 quokkas
  5 bats
  2 frilled lizards
  8 rats
61 creatures vanquished.

Notes
Turn   | Place    | Note
-------+----------+-------------------------------------------
     0 | D:1      | DiscipleGeek the Troll Berserker began the quest for the Orb.
     0 | D:1      | Reached XP level 1. HP: 22/22 MP: 0/0
   184 | D:1      | Reached XP level 2. HP: 29/29 MP: 1/1
   219 | D:1      | Reached skill level 3 in Maces & Flails
   411 | D:1      | Reached ** piety under Trog
   471 | D:1      | Reached XP level 3. HP: 36/36 MP: 2/2
  1017 | D:2      | Reached XP level 4. HP: 44/45 MP: 3/3
  1089 | D:3      | Found a snail-covered altar of Cheibriados.
  1253 | D:3      | Found a blossoming altar of Fedhas.
  1325 | D:3      | Reached skill level 4 in Maces & Flails
  1411 | D:3      | Slain by a gnoll

Skill      XL: |  1  2  3  4 |
---------------+-------------+-----
Maces & Flails | 3 4 |  4.0
Fighting       | 3 |  3.1
Dodging        | 3 |  3.2

Action                   |  1- 3 |  4- 6 || total
-------------------------+-------+-------++-------
Melee: Mace              |   103 |    99 ||   202
Invok: Trog's Hand       |       |     1 ||     1
  Use: Scroll            |     3 |     1 ||     4
  Eat: Chunk             |    15 |     4 ||    19
Armor: Animal skin       |    36 |    56 ||    92
Dodge: Dodged            |    68 |    72 ||   140
